 Dungeon Crawl Stone Soup version 0.26-a0-665-gefeb406119 (webtiles) character file.

Game seed: 6745055685426062808

7 demenzo the Sneak (level 1, -1/20 HPs)
             Began as a Palentonga Delver on Oct 13, 2020.
             Slain by a lemure (3 damage)
             ... led by Pikel
             ... on level 4 of the Dungeon.
             The game lasted 00:03:57 (611 turns).

demenzo the Sneak (Palentonga Delver)                Turns: 611, Time: 00:03:57

Health: -1/20      AC:  4    Str: 15    XL:     1   Next: 91%
Magic:  1/1        EV:  9    Int: 10    God:
Gold:   15         SH:  0    Dex: 11    Spells: 0/0 levels left

rFire    . . .     SeeInvis +   a - +0 hand axe
rCold    . . .     Faith    .   (no shield)
rNeg     . . .     Spirit   .   b - +0 leather armour
rPois    .         Reflect  .   (no helmet)
rElec    .         Harm     .   (no cloak)
rCorr    .         Rampage  .   (no gloves)
MR       .....                  (no barding)
Stlth    ++........             (no amulet)
HPRegen  0.06/turn              (no ring)
MPRegen  0.07/turn              (no ring)

@: hasted, very quick
A: large, rugged brown scales 3, see invisible, deformed body, roll, armoured
tail
a: Rolling Charge


You were on level 4 of the Dungeon.
You visited 1 branch of the dungeon, and saw 3 of its levels.

You collected 15 gold pieces.

Inventory:

Hand Weapons
 a - a +0 hand axe (weapon)
Missiles
 h - 69 stones (quivered)
Armour
 b - a +0 leather armour (worn)
Wands
 g - a wand of digging (3)
Scrolls
 c - a scroll of fog
 j - a scroll of identify {unknown}
 k - a scroll of teleportation {unknown}
Potions
 f - a potion of haste
 i - a potion of curing {unknown}


   Skills:
 + Level 3.1 Fighting
 * Level 2.3 Axes
 + Level 1.7 Dodging
 - Level 3.3 Stealth


You couldn't memorise any spells.
You didn't know any spells.
Your spell library was empty.

Dungeon Overview and Level Annotations

Branches:
Dungeon (6/15)
 Temple: D:4-7

Altars:
Gozag
Xom

Annotations:
D:5 Pikel
D:6 Duvessa, Menkaure


Innate Abilities, Weirdness & Mutations

You are completely covered in rugged brown scales. (AC +3, +7% HP)
You have supernaturally acute eyesight. (SInv)
Armour fits poorly on your strangely shaped body.
You can roll at foes to attack.
You have a long armoured tail.


Message History

2 lemures come into view.
A lemure comes into view.
The lemure shouts!
You hear a shout! x2
The lemure moves out of view.
Pikel the Slaver comes into view.
He is wielding a +1 whip of electrocution.
Pikel shouts!
An orc comes into view.
It is wielding a +0 club and wearing a +1 leather armour of magic resistance.
The lemure hits you!
There is a stone staircase leading up, spattered with blood here.
The orc hits you with a +2 mace of protection.
* * * LOW HITPOINT WARNING * * *
You climb upwards.
A centaur skeleton comes into view.
There is a stone staircase leading down here.
As you read the scroll of fear, it crumbles to dust.
You assume a fearsome visage.
The centaur skeleton is unaffected.
The orc looks frightened!
The lemure is unaffected.
The lemure completely misses you.
You feel yourself speed up. The lemure hits you.
You die...

#######
#@.Z..#
#.5...#
#o......#
........#
........#
#.###....#
#. ....#
.. ...##


You could see a lemure, an orc (fleeing) and a centaur skeleton.

Vanquished Creatures
  An adder zombie (D:5)
  A giant cockroach (D:5)
  2 kobolds (D:5)
4 creatures vanquished.

Notes
Turn   | Place    | Note
-------+----------+-------------------------------------------
     0 | D:5      | demenzo the Palentonga Delver began the quest for the Orb.
     0 | D:5      | Reached XP level 1. HP: 20/20 MP: 1/1
     1 | D:6      | Noticed a sky beast
     4 | D:5      | Found a shimmering altar of Xom.
     5 | D:5      | Found a shimmering altar of Xom.
     6 | D:5      | Found a shimmering altar of Xom.
     6 | D:5      | Found a shimmering altar of Xom.
    16 | D:5      | Found a shimmering altar of Xom.
   119 | D:6      | Noticed a quasit
   187 | D:6      | Noticed Menkaure
   187 | D:6      | Noticed Duvessa
   424 | D:5      | Found an opulent altar of Gozag.
   508 | D:5      | Noticed a scorpion
   569 | D:5      | Noticed a sky beast
   604 | D:5      | Noticed a lemure
   605 | D:5      | Noticed a lemure
   605 | D:5      | Noticed a lemure
   606 | D:5      | Noticed a lemure
   607 | D:5      | Noticed Pikel
   608 | D:5      | HP: 1/20 [orc/+2 mace of protection (6)]
   611 | D:4      | Slain by a lemure

Illustrated notes

Levels and vault maps discovered:
D:4:      cheibrodos_quashed, layout_basic, zin_angel
D:5:      cheibrodos_thug_alley, layout_loops_ring, tso_oasis_becter,
          grunt_gozag_breadcrumbs, lemuel_blue_sif_altar, xom_redecorated,
          uniq_pikel
D:6:      layout_basic, nemelex_altar_shiori, okawaru_ov_weapons_minmay,
          marbit_many_paths, minmay_temple_entry_glass, serial_shops, shop,
          basic_altar, uniq_menkaure, uniq_duvessa

Action                   || total
-------------------------++-------
Melee: Hand axe          ||    10
       Tailslap          ||     1
Throw: Stone             ||     5
  Use: Scroll            ||     2
       Potion            ||     1
 Stab: Sleeping          ||     1
Armor: Leather armour    ||     4
Dodge: Dodged            ||     6

Table legend: (Time is in decaauts)
 A = Elapsed time spent in this place.
 B = Non-inter-level travel time spent in this place.
 C = Inter-level travel time spent in this place.
 D = Time resting spent in this place.
 E = Time spent auto-exploring this place.
 F = Levels seen in this place.
 G = Mean time per level.
                   A        B        C        D        E       F      G
               +--------+--------+--------+--------+--------+-----+--------+
         Total |    616 |    616 |      0 |    161 |      0 |   3 |  205.3 |
       Dungeon |    616 |    616 |      0 |    161 |      0 |   3 |  205.3 |
               +--------+--------+--------+--------+--------+-----+--------+

Top non-repeatable levels by time:
     D:5: 495 daAuts
     D:6: 118 daAuts
     D:4: 1 daAuts
